 Dungeon Crawl Stone Soup version 0.31-a0-229-g1fc7ce93e2 (webtiles) character file.

Game seed: 18306698047146922724

8835 qw the Skirmisher (level 11, -1/74 HPs)
             Began as a Gargoyle Hexslinger on July 6, 2023.
             Was a Believer of Okawaru.
             Slain by a killer bee (5 damage)
             ... on level 8 of the Dungeon.
             The game lasted 00:04:29 (9223 turns).

qw the Skirmisher (Gargoyle Hexslinger)             Turns: 9223, Time: 00:04:30

Health: -1/74      AC: 24    Str: 15    XL:     11   Next: 37%
Magic:  14/14      EV: 20    Int: 19    God:    Okawaru [**....]
Gold:   499        SH:  0    Dex: 20    Spells: 11/12 levels left

rFire   . . .        Y - +1 sling (freeze)
rCold   . . .        (no shield)
rNeg    + . .        r - +4 robe of Augmentation {Str+4 Int+4 Dex+4}
rPois   inf          h - +2 hat {Stlth+}
rElec   +            b - +0 cloak
rCorr   .            q - +1 pair of gloves
SInv    .            n - +2 pair of boots
Will    .....        (no amulet)
Stlth   ++++         l - +4 ring of slaying {mikee}
HPRegen 0.32/turn    (no ring)
MPRegen 0.14/turn

%: no passive effects
@: about to teleport, heroic, slowed, very slow
A: sickness immunity, AC +8, negative energy resistance 1, electricity
resistance, torment resistance 1, petrification resistance
a: Renounce Religion, Heroism


You were on level 8 of the Dungeon.
You worshipped Okawaru.
Okawaru was pleased with you.
You visited 2 branches of the dungeon, and saw 10 of its levels.
You also visited: Sewer.

You collected 499 gold pieces.


Innate Abilities, Weirdness & Mutations

You are immune to sickness and miasma.
Your stone body is resilient. (AC +8)
You are immune to poison.
You resist negative energy. (rN+)
You are resistant to electric shocks. (rElec)
You are resistant to unholy torment.
You are immune to petrification.


   Skills:
 - Level 11.0(16.0) Fighting
 - Level 14.0(19.0) Ranged Weapons
 - Level 4.0(9.0) Armour
 + Level 6.4(11.4) Dodging
 - Level 1.0 Spellcasting
 - Level 2.6 Hexes
 - Level 4.4 Invocations


You had 11 spell levels left.
You knew the following spells:

 Your Spells              Type           Power      Damage    Failure   Level
a - Slow                  Hex            44%        N/A       6%          1

Your spell library contained the following spells:

 Spells                   Type           Power      Damage    Failure   Level
 Inner Flame              Hex/Fire       6%         N/A       32%         3
 Portal Projectile        Hex/Tloc       12%        N/A       32%         3
 Cause Fear               Hex            5%         N/A       52%         4

Inventory:

Hand Weapons
 Y - a +1 sling of freezing (weapon)
Armour
 b - a +0 cloak (worn)
 h - a +2 hat of stealth (worn)
 n - a +2 pair of boots (worn)
 q - a +1 pair of gloves (worn)
 r - the +4 robe of Augmentation (worn) {Str+4 Int+4 Dex+4}
   (You found it on level 5 of the Dungeon)

   Str:       It affects your strength (+4).
   Int:       It affects your intelligence (+4).
   Dex:       It affects your dexterity (+4).
Jewellery
 f - a ring of fire
 l - a +4 ring of slaying (left hand) {mikee}
Scrolls
 a - a scroll of identify
Potions
 d - a potion of resistance
 e - a potion of curing
 i - a potion of heal wounds
 k - 2 potions of enlightenment
 m - a potion of degeneration {unknown}

Dungeon Overview and Level Annotations

Branches:
Dungeon (9/15)             Temple (1/1) D:5           Sewer (visited)
   Lair: D:8-11         Orc: D:9-12

Altars:
Ashenzari
Cheibriados
Elyvilon
Fedhas
Gozag
Hepliaklqana
Kikubaaqudgha
Makhleb
Okawaru
Qazlal
Ru
Sif Muna
Trog
Uskayaw
Vehumet
Yredelemnul
Zin
The Shining One

Annotations:
D:8 Erolcha


Message History

You shoot a sling bullet. The sling bullet hits Erolcha.
The sling bullet freezes Erolcha.
Erolcha is lightly wounded.
The killer bee completely misses you. x2
The killer bee stings you but does no damage.
The wraith hits you but does no damage. Erolcha closely misses you.
The killer bee closely misses you. The killer bee stings you!
The killer bee barely misses you.
9219 ||| STAIRDANCE The killer bee misses you. x3; The killer bee completely misses you.
The killer bee misses you. The killer bee completely misses you.
The wraith hits you! The wraith drains your vigour!
You feel as though you will be slow longer.
Erolcha closely misses you. The killer bee misses you.
The killer bee barely misses you. x2; The wraith misses you.
You climb upwards.
There is a stone staircase leading down here.
You shoot a sling bullet. The sling bullet hits Erolcha.
The sling bullet freezes Erolcha.
Erolcha is moderately wounded.
The killer bee stings you. The killer bee completely misses you.
The killer bee barely misses you. x2; The killer bee closely misses you.
The killer bee misses you. Erolcha misses you. The wraith closely misses you.
You shoot a sling bullet. The sling bullet hits Erolcha.
The sling bullet freezes Erolcha.
Erolcha is moderately wounded.
The killer bee completely misses you. The killer bee barely misses you.
The killer bee stings you but does no damage.
The killer bee closely misses you.
The killer bee stings you but does no damage.
The killer bee closely misses you. The wraith closely misses you.
The killer bee misses you. x2
Erolcha hits you with a +7 giant spiked club!!
The killer bee misses you.
9223 ||| READING scroll of teleportation.
As you read the scroll of teleportation, it crumbles to dust.
You feel strangely unstable.
The killer bee misses you. x3; The wraith misses you.
The killer bee completely misses you. The killer bee stings you.
You die...

......................#### #.# #.
..#######.#####.#.###.# #.# #.
.......<.....<..#.###.# #.# #.
......#.....[[......#.# #.# #.
....................#.# #.# #.
......#######.#.#.#.#.# #.# #.
...#.......#........#.# #.# #.
...#.##.#..#...yyW###.######.# #.
..##.#..#..#.#..@O...........# #.
..##.#.##..#.##y###.#.#####..# #.
..##.#..#..#.#....#.#.....#..# #.
..##.#.....#.####.#.#.##..#..# #^
.......[...#......[.#.##..#..###.
####.#######..###.[[#............
#.J...)....#..(#)#.#####.#####
##########.#.[.))(...........<
#...........))...#.#####.#####


You could see Erolcha, a wraith and 3 killer bees.

Vanquished Creatures
  Gastronok (D:8)
  A two-headed ogre (D:8)
  Erica (D:8)
  Pikel (D:8)
  Grinder (D:6)
  A hornet (D:8)
  A wraith (D:7)
  Sigmund (D:4)
  A wyvern (D:7)
  2 steam dragons
  Grum (D:8)
  An acid dragon (D:8)
  A water moccasin (D:8)
  3 orc warriors
  4 sky beasts
  2 wolves (D:8)
  An ogre (D:5)
  3 lemures (D:8)
  Blork the orc (D:6)
  2 kobold brigands (Sewer)
  3 bullfrogs
  A gnoll sergeant (D:8)
  6 scorpions
  9 wights
  18 killer bees
  2 jellies
  8 orc priests
  3 hounds (D:6)
  Jessica (D:3)
  2 orc wizards
  Natasha (twice) (D:4)
  3 iguanas
  2 sleepcaps (D:6)
  7 gnolls
  9 adders
  4 river rats (Sewer)
  A white imp (D:7)
  2 ufetubi
  5 worms
  2 dart slugs
  48 orcs
  14 ball pythons
  4 endoplasms
  4 giant cockroaches
  7 goblins
  8 hobgoblins
  A jackal (Sewer)
  4 kobolds
  7 quokkas
  6 bats
  5 frilled lizards
  11 rats
239 creatures vanquished.

Notes
Turn   | Place    | Note
-------+----------+-------------------------------------------
     0 | D:1      | qw the Gargoyle Hexslinger began the quest for the Orb.
     0 | D:1      | Reached XP level 1. HP: 12/12 MP: 2/2
     0 | D:1      | 0 ||| qw: Version: 0.3-a-46-gb1f654a
     0 | D:1      | 0 ||| qw: Game counter: 1318
     0 | D:1      | 0 ||| qw: Melee chars always use a shield: true
     0 | D:1      | 0 ||| qw: God list: Okawaru
     0 | D:1      | 0 ||| qw: Allow faded altars: false
     0 | D:1      | 0 ||| qw: Do Orc after clearing Dungeon:15 true
     0 | D:1      | 0 ||| qw: Do second Lair branch before Depths: true
     0 | D:1      | 0 ||| qw: Lair rune preference: random
     0 | D:1      | 0 ||| qw: Goals: Normal
     0 | D:1      | 0 ||| PLANNING D:1-11
   151 | D:1      | Reached XP level 2. HP: 16/16 MP: 3/3
   195 | D:1      | Reached skill level 3 in Ranged Weapons
   516 | D:1      | 516 ||| READING scroll labelled SOKLAILE HIAZ.
   517 | D:1      | 517 ||| READING scroll labelled ITTECZ QOBB.
   518 | D:1      | 518 ||| DROPPING scroll of poison.
   626 | D:2      | Reached XP level 3. HP: 21/21 MP: 4/4
   964 | D:2      | Reached XP level 4. HP: 26/26 MP: 5/5
  1081 | D:2      | 1081 ||| UPGRADING to +0 cloak.
  1086 | D:2      | 1086 ||| READING 2 scrolls labelled BUUJ CIRAREF.
  1087 | D:2      | 1087 ||| READING scroll labelled USIRITESYPO.
  1088 | D:2      | 1088 ||| READING scroll labelled WAURCH KEXIGESA.
  1120 | D:3      | 1120 ||| PLANNING SEWER
  1143 | D:3      | Found a glowing drain.
  1167 | D:3      | Reached skill level 4 in Ranged Weapons
  1185 | Sewer    | Entered a sewer
  1222 | Sewer    | 1222 ||| Stepping ~*~*~tactically~*~*~ (water).
  1319 | Sewer    | 1319 ||| Stepping ~*~*~tactically~*~*~ (water).
  1420 | Sewer    | Noticed a kobold brigand
  1434 | Sewer    | Reached XP level 5. HP: 9/30 MP: 6/6
  1435 | Sewer    | HP: 4/30 [kobold brigand/+0 short sword (6)]
  1436 | Sewer    | 1436 ||| READING scroll of teleportation.
  1666 | Sewer    | HP: 7/30 [kobold brigand/+0 short sword (2)]
  1674 | Sewer    | Killed a kobold brigand
  1675 | Sewer    | Reached skill level 5 in Ranged Weapons
  1780 | Sewer    | Noticed a kobold brigand
  1800 | Sewer    | HP: 7/30 [kobold brigand/+0 dagger (4)]
  1801 | Sewer    | HP: 3/30 [kobold brigand/+0 dagger (4)]
  1803 | Sewer    | Killed a kobold brigand
  1804 | Sewer    | Reached skill level 3 in Fighting
  1804 | Sewer    | Reached XP level 6. HP: 4/37 MP: 7/7
  2134 | Sewer    | 2134 ||| DRINKING 2 fizzy red potions.
  2134 | Sewer    | Reached skill level 13 in Ranged Weapons
  2134 | Sewer    | Reached XP level 7. HP: 41/41 MP: 8/8
  2135 | Sewer    | 2135 ||| DRINKING potion of experience.
  2135 | Sewer    | Reached XP level 8. HP: 59/59 MP: 9/9
  2140 | D:3      | 2140 ||| PLANNING D:1-11
  2176 | D:3      | Noticed Jessica
  2186 | D:3      | Killed Jessica
  2279 | D:3      | Found a blossoming altar of Fedhas.
  2280 | D:3      | Found a sacrificial altar of Ru.
  2281 | D:3      | Found a broken altar of Ashenzari.
  2282 | D:3      | Found a hazy altar of Hepliaklqana.
  2851 | D:3      | 2851 ||| UPGRADING to +0 leather armour.
  2861 | D:3      | 2861 ||| DROPPING +0 robe.
  2862 | D:3      | 2862 ||| READING scroll labelled WETOSU RIPROWN.
  2901 | D:3      | 2901 ||| READING scroll labelled KONGOYC RUPP.
  2902 | D:3      | 2902 ||| READING scroll labelled MORCHO ZIMOO.
  2903 | D:3      | 2903 ||| DRINKING 2 yellow potions.
  2904 | D:3      | 2904 ||| READING 2 scrolls of identify.
  2904 | D:3      | 2904 ||| IDENTIFYING murky coppery potion
  3015 | D:4      | Noticed Sigmund
  3019 | D:4      | 3019 ||| Stepping ~*~*~tactically~*~*~ (outnumbered).
  3034 | D:4      | Killed Sigmund
  3035 | D:4      | Reached skill level 1 in Armour
  3217 | D:4      | Noticed Natasha
  3224 | D:4      | Killed Natasha
  3238 | D:4      | Noticed Natasha
  3239 | D:4      | 3239 ||| Stepping ~*~*~tactically~*~*~ (outnumbered).
  3250 | D:4      | Killed Natasha
  3378 | D:4      | You fall into a shaft and drop 1 floor!
  3378 | D:5      | Entered Level 5 of the Dungeon
  3439 | D:5      | Found a staircase to the Ecumenical Temple.
  3440 | D:5      | 3440 ||| PLANNING TEMPLE
  3444 | D:5      | Found the +4 robe of Augmentation {Str+4 Int+4 Dex+4}
  3462 | D:5      | 3462 ||| UPGRADING to +2 pair of boots.
  3467 | D:5      | 3467 ||| UPGRADING to +0 pair of gloves.
  3472 | D:5      | 3472 ||| UPGRADING to +4 robe of Augmentation {Str+4 Int+4
                  | Dex+4}.
  3482 | D:5      | 3482 ||| DROPPING +0 leather armour.
  3483 | D:5      | 3483 ||| DROPPING ring of wizardry.
  3484 | D:5      | 3484 ||| READING scroll labelled QUSORA ACKYG.
  3485 | D:5      | 3485 ||| READING scroll labelled POEFIXZ CEIN.
  3586 | D:5      | 3586 ||| READING scroll labelled XEKLAO NOIHO.
  3587 | D:5      | 3587 ||| DRINKING 2 pink potions.
  3593 | Temple   | Entered the Ecumenical Temple
  3614 | Temple   | 3614 ||| PLANNING OKAWARU WORSHIP
  3745 | Temple   | Became a worshipper of Warmaster Okawaru
  3746 | Temple   | 3746 ||| PLANNING D:1-11
  4229 | D:4      | 4229 ||| READING 2 scrolls of identify.
  4229 | D:4      | 4229 ||| IDENTIFYING murky black potion
  4230 | D:4      | 4230 ||| DROPPING potion of invisibility.
  4429 | D:5      | 4429 ||| FLEEEEING.
  4430 | D:5      | 4430 ||| FLEEEEING.
  4431 | D:5      | 4431 ||| FLEEEEING.
  4432 | D:5      | 4432 ||| FLEEEEING.
  4433 | D:5      | 4433 ||| FLEEEEING.
  4434 | D:5      | 4434 ||| FLEEEEING.
  4435 | D:5      | 4435 ||| FLEEEEING.
  4436 | D:5      | 4436 ||| FLEEEEING.
  4437 | D:5      | 4437 ||| FLEEEEING.
  4438 | D:5      | 4438 ||| FLEEEEING.
  4439 | D:5      | 4439 ||| FLEEEEING.
  4440 | D:5      | 4440 ||| FLEEEEING.
  4441 | D:5      | 4441 ||| FLEEEEING.
  4442 | D:5      | 4442 ||| FLEEEEING.
  4562 | D:5      | Reached XP level 9. HP: 63/63 MP: 10/10
  4591 | D:5      | Reached * piety under Okawaru
  4606 | D:5      | 4606 ||| FLEEEEING.
  4663 | D:5      | Found a hide-covered altar of Uskayaw.
  4665 | D:5      | 4665 ||| INVOKING Heroism.
  4679 | D:5      | 4679 ||| Stepping ~*~*~tactically~*~*~ (outnumbered).
  4692 | D:5      | Reached skill level 3 in Dodging
  5086 | D:5      | 5086 ||| READING scroll labelled TELOTE ASCHOAKA.
  5274 | D:6      | 5274 ||| Stepping ~*~*~tactically~*~*~ (outnumbered).
  5275 | D:6      | 5275 ||| INVOKING Heroism.
  5289 | D:6      | 5289 ||| FLEEEEING.
  5290 | D:6      | 5290 ||| FLEEEEING.
  5291 | D:6      | 5291 ||| FLEEEEING.
  5292 | D:6      | 5292 ||| FLEEEEING.
  5294 | D:6      | 5294 ||| FLEEEEING.
  5295 | D:6      | 5295 ||| FLEEEEING.
  5296 | D:6      | 5296 ||| FLEEEEING.
  5297 | D:6      | 5297 ||| FLEEEEING.
  5298 | D:6      | 5298 ||| FLEEEEING.
  5299 | D:6      | 5299 ||| FLEEEEING.
  5300 | D:6      | 5300 ||| FLEEEEING.
  5301 | D:6      | 5301 ||| FLEEEEING.
  5302 | D:6      | 5302 ||| FLEEEEING.
  5303 | D:6      | 5303 ||| FLEEEEING.
  5304 | D:6      | 5304 ||| FLEEEEING.
  5305 | D:6      | 5305 ||| FLEEEEING.
  5306 | D:6      | 5306 ||| FLEEEEING.
  5307 | D:6      | 5307 ||| FLEEEEING.
  5308 | D:6      | 5308 ||| FLEEEEING.
  5309 | D:6      | 5309 ||| FLEEEEING.
  5310 | D:6      | 5310 ||| FLEEEEING.
  5311 | D:6      | 5311 ||| FLEEEEING.
  5312 | D:6      | 5312 ||| FLEEEEING.
  5313 | D:6      | 5313 ||| FLEEEEING.
  5314 | D:6      | 5314 ||| FLEEEEING.
  5315 | D:6      | 5315 ||| FLEEEEING.
  5316 | D:6      | 5316 ||| FLEEEEING.
  5317 | D:6      | 5317 ||| FLEEEEING.
  5318 | D:6      | 5318 ||| FLEEEEING.
  5319 | D:6      | 5319 ||| FLEEEEING.
  5320 | D:6      | 5320 ||| FLEEEEING.
  5321 | D:6      | 5321 ||| FLEEEEING.
  5322 | D:6      | 5322 ||| STAIRDANCE
  5546 | D:6      | 5546 ||| INVOKING Heroism.
  5644 | D:6      | 5644 ||| INVOKING Heroism.
  5911 | D:6      | Noticed Grinder
  5912 | D:6      | 5912 ||| INVOKING Heroism.
  5928 | D:6      | 5928 ||| INVOKING Heroism.
  5931 | D:6      | Killed Grinder
  5968 | D:6      | Noticed Blork the orc
  5973 | D:6      | Killed Blork the orc
  6175 | D:7      | Reached skill level 1 in Invocations
  6214 | D:7      | 6214 ||| READING scroll of enchant armour.
  6214 | D:7      | 6214 ||| ENCHANTING +0 pair of gloves.
  6328 | D:7      | Reached XP level 10. HP: 68/68 MP: 11/11
  6425 | D:7      | 6425 ||| INVOKING Heroism.
  6723 | D:7      | Reached ** piety under Okawaru
  6724 | D:7      | Reached skill level 3 in Invocations
  6923 | D:7      | 6923 ||| INVOKING Heroism.
  6978 | D:7      | 6978 ||| INVOKING Heroism.
  7405 | D:8      | 7405 ||| INVOKING Heroism.
  7414 | D:8      | 7414 ||| Stepping ~*~*~tactically~*~*~ (outnumbered).
  7426 | D:8      | 7426 ||| INVOKING Heroism.
  7437 | D:8      | 7437 ||| Stepping ~*~*~tactically~*~*~ (outnumbered).
  7448 | D:8      | 7448 ||| INVOKING Heroism.
  7455 | D:8      | HP: 10/68 [orc warrior/+0 glaive (18)]
  7456 | D:8      | 7456 ||| DRINKING 2 potions of heal wounds.
  7594 | D:8      | Noticed Pikel
  7598 | D:8      | 7598 ||| INVOKING Heroism.
  7599 | D:8      | Noticed Erica
  7628 | D:8      | 7628 ||| FLEEEEING.
  7629 | D:8      | 7629 ||| FLEEEEING.
  7630 | D:8      | 7630 ||| FLEEEEING.
  7631 | D:8      | 7631 ||| FLEEEEING.
  7632 | D:8      | 7632 ||| FLEEEEING.
  7633 | D:8      | 7633 ||| FLEEEEING.
  7634 | D:8      | 7634 ||| FLEEEEING.
  7635 | D:8      | 7635 ||| FLEEEEING.
  7636 | D:8      | 7636 ||| FLEEEEING.
  7638 | D:8      | 7638 ||| FLEEEEING.
  7639 | D:8      | 7639 ||| FLEEEEING.
  7640 | D:8      | 7640 ||| FLEEEEING.
  7641 | D:8      | 7641 ||| FLEEEEING.
  7642 | D:8      | 7642 ||| FLEEEEING.
  7643 | D:8      | 7643 ||| FLEEEEING.
  7644 | D:8      | 7644 ||| FLEEEEING.
  7645 | D:8      | 7645 ||| FLEEEEING.
  7646 | D:8      | 7646 ||| FLEEEEING.
  7647 | D:8      | 7647 ||| STAIRDANCE
  7700 | D:7      | 7700 ||| READING scroll labelled XYAGIEZ XIPI.
  7703 | D:8      | 7703 ||| INVOKING Heroism.
  7707 | D:8      | Killed Erica
  7714 | D:8      | Killed Pikel
  7732 | D:8      | 7732 ||| STAIRDANCE
  7907 | D:8      | Noticed Grum
  7908 | D:8      | 7908 ||| INVOKING Heroism.
  7921 | D:8      | Killed Grum
  7922 | D:8      | Reached skill level 14 in Ranged Weapons
  7950 | D:8      | 7950 ||| FLEEEEING.
  7951 | D:8      | 7951 ||| FLEEEEING.
  7952 | D:8      | 7952 ||| FLEEEEING.
  7953 | D:8      | 7953 ||| FLEEEEING.
  7961 | D:8      | 7961 ||| FLEEEEING.
  7962 | D:8      | 7962 ||| FLEEEEING.
  7963 | D:8      | 7963 ||| FLEEEEING.
  7965 | D:8      | 7965 ||| FLEEEEING.
  7966 | D:8      | 7966 ||| FLEEEEING.
  7967 | D:8      | 7967 ||| FLEEEEING.
  7968 | D:8      | 7968 ||| FLEEEEING.
  7969 | D:8      | 7969 ||| FLEEEEING.
  7970 | D:8      | 7970 ||| FLEEEEING.
  7971 | D:8      | 7971 ||| FLEEEEING.
  7972 | D:8      | 7972 ||| FLEEEEING.
  7973 | D:8      | 7973 ||| FLEEEEING.
  7974 | D:8      | 7974 ||| FLEEEEING.
  7994 | D:8      | Reached XP level 11. HP: 66/73 MP: 14/14
  8142 | D:8      | Noticed a two-headed ogre
  8143 | D:8      | 8143 ||| INVOKING Heroism.
  8151 | D:8      | Killed a two-headed ogre
  8284 | D:8      | 8284 ||| Stepping ~*~*~tactically~*~*~ (outnumbered).
  8370 | D:8      | Noticed Gastronok
  8371 | D:8      | 8371 ||| INVOKING Heroism.
  8391 | D:8      | 8391 ||| INVOKING Heroism.
  8400 | D:8      | Killed Gastronok
  8400 | D:8      | Reached *** piety under Okawaru
  8401 | D:8      | Reached skill level 6 in Dodging
  8412 | D:8      | 8412 ||| INVOKING Heroism.
  8566 | D:8      | 8566 ||| INVOKING Heroism.
  9056 | D:8      | 9056 ||| UPGRADING to +2 hat of stealth.
  9061 | D:8      | 9061 ||| UPGRADING to +4 ring of slaying {mikee}.
  9062 | D:8      | 9062 ||| DRINKING 3 glowing brown potions.
  9167 | D:8      | 9167 ||| DRINKING 2 puce potions.
  9168 | D:8      | 9168 ||| READING 2 scrolls of identify.
  9168 | D:8      | 9168 ||| IDENTIFYING fizzy coppery potion
  9169 | D:8      | 9169 ||| DROPPING 2 potions of berserk rage.
  9170 | D:8      | 9170 ||| DROPPING potion of ambrosia.
  9171 | D:8      | 9171 ||| DROPPING potion of attraction.
  9207 | D:9      | Noticed Erolcha
  9208 | D:9      | 9208 ||| INVOKING Heroism.
  9219 | D:9      | 9219 ||| STAIRDANCE
  9222 | D:8      | HP: 4/74 [Erolcha/+7 giant spiked club (22)]
  9223 | D:8      | 9223 ||| READING scroll of teleportation.
  9223 | D:8      | Slain by a killer bee

Levels and vault maps discovered:
D:1:      amcnicky_arrival_choice, layout_basic
D:2:      minmay_general_purpose_star, layout_basic, due_unseen_surprise
D:3:      layout_basic, mainiacjoe_overflow_alcove_3, serial_curves,
          eino_curves_02, eino_curves_01, eino_curves_03, portal_sewer_entry_a,
          kennysheep_jessica_study
D:4:      layout_basic, uniq_natasha, uniq_sigmund
D:5:      layout_loops_ring, mainiacjoe_overflow_paths,
          minmay_temple_entry_slanted, serial_park_tiny_2,
          nicolae_figureground_sparkle
D:6:      layout_cave_pods, kennysheep_nondescript, kennysheep_generic_room_16,
          uniq_blork_the_orc, uniq_grinder
D:7:      layout_gridville, chequers_serial_rivers_room_a
D:8:      minmay_thick_lines, layout_basic, special_room [special_room_orc],
          hangedman_decor_riveting, uniq_grum, uniq_pikel, uniq_gastronok,
          uniq_erica
D:9:      layout_loops_cross, mainiacjoe_overflow_brackets,
          lemuel_crystal_altar, enter_bailey_5, minmay_shop_chei, uniq_erolcha
Temple:   hellmonk_temple_forest_ring

Skill      XL: |  1  2  3  4  5  6  7  8  9 10 11 |
---------------+----------------------------------+-----
Ranged Weapons | 3 4 5 13 14 | 14.0
Fighting       | 2 3 10 11 | 11.0
Armour         | 1 2 4 |  4.0
Dodging        | 2 4 5 6 |  6.4
Invocations    | 1 4 |  4.4
Spellcasting   | |  1.0
Hexes          | |  2.6

Action                     |  1- 3 |  4- 6 |  7- 9 | 10-12 || total
---------------------------+-------+-------+-------+-------++-------
   Fire: Sling             |    98 |   168 |   377 |   462 ||  1105
 Invoke: Heroism           |       |       |     6 |    15 ||    21
    Use: Scroll            |     2 |     4 |    10 |     3 ||    19
         Potion            |       |     1 |     3 |     3 ||     7
 Armour: Robe              |    11 |    30 |    35 |   120 ||   196
         Leather armour    |       |       |     7 |       ||     7
  Dodge: Dodged            |    33 |    59 |    64 |   342 ||   498

Table legend:
 A = Non-vault XP
 B = Vault XP
 C = Vault XP percentage of total XP
 D = Non-vault monster count
 E = Vault monster count
 F = Vault count percentage of total count
                 A         B        C        D         E       F
            +---------+---------+-------+---------+---------+-------
      Total |    5443 |    6088 |  52.8 |     155 |      81 |  34.3
            +---------+---------+-------+---------+---------+-------
        D:1 |      30 |       0 |   0.0 |      16 |       0 |   0.0
        D:2 |      35 |      17 |  32.7 |      17 |       4 |  19.0
        D:3 |      24 |      54 |  69.2 |      12 |      10 |  45.5
        D:4 |     145 |     258 |  64.0 |      13 |       2 |  13.3
        D:5 |     819 |       0 |   0.0 |      24 |       0 |   0.0
        D:6 |     816 |     511 |  38.5 |      29 |       4 |  12.1
        D:7 |    2389 |       0 |   0.0 |      33 |       0 |   0.0
        D:8 |    1122 |    4953 |  81.5 |      10 |      38 |  79.2
        D:9 |      63 |       0 |   0.0 |       1 |       0 |   0.0
      Sewer |       0 |     295 | 100.0 |       0 |      23 | 100.0
            +---------+---------+-------+---------+---------+-------
